 Dungeon Sprint DCSS version 0.31-a0-819-gf6de2f5ab6 (webtiles) character file.

Game seed: 9361101691326717483

75 sircluck the Ruffian (level 4, -21/73 HPs)
             Began as a Troll Berserker on Sept 23, 2023.
             Was a Follower of Trog.
             Demolished by Sonja
             ... wielding a +2 short sword of distortion
              (22 damage)
             ... in the Dungeon (Sprint VII: "The Pits").
             The game lasted 00:00:22 (20 turns).

sircluck the Ruffian (Troll Berserker)                Turns: 20, Time: 00:00:23

Health: -21/73     AC:  4    Str: 27    XL:     4   Next: 11%
Magic:  3/3        EV: 10    Int:  3    God:    Trog [*.....]
Gold:   0          SH:  0    Dex:  9    Spells: 3/3 levels left

rFire   . .          .
                       - Unarmed
rCold   . . .        (no shield)
rNeg    . . .        a - +0 animal skin
rPois   .            (helmet restricted)
rElec   .            (no cloak)
rCorr   .            (gloves unavailable)
SInv    .            (boots unavailable)
Will    .....        (no amulet) Stlth
                     (no ring)
HPRegen 1.12/turn    (no ring)
MPRegen 0.08/turn

%: no teleportation
@: berserking (expiring), lethally poisoned (-21 -> -21), slowed
A: large, unfitting armour, claws 3, regeneration 1, shaggy fur 1, tough skin 1
a: Renounce Religion, Berserk


You were in the Dungeon.
You worshipped Trog.
Trog was aware of your devotion.
You visited 1 branch

Inventory:

Armour
 a - a +0 animal skin (worn)
Scrolls
 g - a scroll of blinking
Potions
 b - a potion of curing
 c - a potion of heal wounds
 d - a potion of haste
 e - 2 potions of magic
 f - a potion of berserk rage


   Skills:
 + Level 4.6 Fighting
 + Level 4.5 Dodging
 + Level 5.5 Unarmed Combat


You had 3 spell levels left.
You didn't know any spells.
Your spell library was empty.

Dungeon Overview and Level Annotations

Branches:
Dungeon (1/1)

Altars:

Annotations:
D Sonja


Innate Abilities, Weirdness & Mutations

You are too large for most types of armour.
You have claws for hands.
Your natural rate of healing is unusually fast.
You are covered in fur. (AC +1)
You have tough skin. (AC +1)


Message History

Sonja hits you with a +2 short sword of distortion!
Space warps horribly around you! Sonja completely misses you.
Sonja hits you with a +2 short sword of distortion.
You barely miss Sonja.
The centaur shoots an arrow.
The arrow misses you.
Sonja mumbles some strange words.
Sonja blinks!
Sonja throws a curare-tipped dart.
The curare-tipped dart hits you.
You are poisoned.
You have difficulty breathing.
You feel yourself slow down.
There is a huge broken gate to the Metal Vault (Medium) here.
You mangle the centaur!!
You kill the centaur!
Trog accepts your kill.
You feel very sick.
Your Fighting skill gained 2 levels and is now at level 4!
Your Dodging skill gained 2 levels and is now at level 4!
Your Unarmed Combat skill gained 2 levels and is now at level 5!
You have reached level 2!
You have reached level 3!
Your experience leads to an increase in your attributes!
Increase (S)trength, (I)ntelligence, or (D)exterity?
You feel stronger. x3
You have reached level 4!
Unknown command.
Unknown command.
Unknown command.
You feel very sick.
You claw Sonja! Your claw misses Sonja.
Sonja is moderately wounded.
You feel sick.
Sonja hits you with a +2 short sword of distortion!
* * * LOW HITPOINT WARNING * * *
Sonja barely misses you. x2
You closely miss Sonja.
Sonja is moderately wounded.
You feel sick. Sonja closely misses you.
Sonja hits you with a +2 short sword of distortion.
* * * LOW HITPOINT WARNING * * *
Space warps horribly around you!!
You die...

##########++######
#................#
#......#..#......#
#................+
+................+
#......#.K#......#
#.........@......#
####'#####''######
#.......##')#
#.......##...
#.......##....
#...<...##.....
#.......##...###
#.......##..##
#.......##++#


You could see Sonja.

Vanquished Creatures
  A centaur (D)
1 creature vanquished.

Notes
Turn   | Place    | Note
-------+----------+-------------------------------------------
     0 | D        | sircluck the Troll Berserker began the quest for the Orb.
     0 | D        | Reached XP level 1. HP: 22/22 MP: 0/0
    11 | D        | Noticed a centaur
    11 | D        | Noticed Sonja
    17 | D        | Killed a centaur
    18 | D        | Reached skill level 5 in Unarmed Combat
    18 | D        | Reached XP level 2. HP: 13/33 MP: 1/1
    18 | D        | Reached XP level 3. HP: 16/40 MP: 2/2
    18 | D        | Reached XP level 4. HP: 19/49 MP: 3/3
    20 | D        | HP: 1/73 [Sonja/+2 short sword of distortion (4)]
    20 | D        | Demolished by Sonja

Illustrated notes

Levels and vault maps discovered:
D:        pitsprint [storerooms_1, entrance_room_1, metal_vault_4, armoury_3,
          mini_pit_1, grid_room_1, main_hall_1, silver_pit, the_coven_2,
          the_vestibule_1, steel_vault_2, golden_pit, hallway_of_sentries,
          crystal_vault_3, iron_vault_1, final_vault]

Skill      XL: |  1 |
---------------+----+-----
Fighting       | 4 |  4.6
Dodging        | 4 |  4.5
Unarmed Combat | 5 |  5.5

Action                     |  1- 3 |  4- 6 || total
---------------------------+-------+-------++-------
  Melee: Unarmed           |     2 |     2 ||     4
 Invoke: Berserk           |     1 |       ||     1
 Armour: Animal skin       |     2 |     2 ||     4
  Dodge: Dodged            |     3 |     3 ||     6

Table legend: (Time is in decaauts)
 A = Elapsed time spent in this place.
 B = Non-inter-level travel time spent in this place.
 C = Inter-level travel time spent in this place.
 D = Time resting spent in this place.
 E = Time spent auto-exploring this place.
 F = Levels seen in this place.
 G = Mean time per level.
                   A        B        C        D        E       F      G
               +--------+--------+--------+--------+--------+-----+--------+
         Total |     19 |     19 |      0 |      0 |     10 |   1 |   19.0 |
       Dungeon |     19 |     19 |      0 |      0 |     10 |   1 |   19.0 |
               +--------+--------+--------+--------+--------+-----+--------+

Top non-repeatable levels by time:
       D: 19 daAuts
